 Dungeon Sprint DCSS version 0.21.1-1-g345015f (webtiles) character file.

4061 Fang the Fighter (level 10, -21/104 HPs)
             Began as a Minotaur Berserker on June 6, 2018.
             Was a High Priest of Trog.
             Blown up by an eye of devastation (39 damage)
             ... with a bolt of energy
             ... in the Dungeon (Sprint V: "Ziggurat Sprint").
             The game lasted 00:02:15 (534 turns).

Fang the Fighter (Minotaur Berserker)                Turns: 534, Time: 00:02:16

Health: -21/104    AC:  4    Str: 30    XL:     10   Next: 5%
Magic:  0/0        EV: 17    Int:  4    God:    Trog [*****.]
Gold:   0          SH:  3    Dex: 15    Spells: 9/9 levels left

rFire    + . .     SeeInvis .   j - +5 battleaxe (antimagic)
rCold    . . .     Gourm    .   (shield currently unavailable)
rNeg     . . .     Faith    .   C - +2 robe {rF+}
rPois    .         Spirit   .   (helmet restricted)
rElec    .         Reflect  +   (no cloak)
rCorr    .         Harm     .   (no gloves)
MR       .....     NoTele   +   (no boots)
Stlth    ++........             b - amulet of Mutualism {Reflect MP-9 Dex+4 SH+3}
HPRegen  0.27/turn              G - ring of flight
MPRegen  0.07/turn              F - +6 ring of strength

@: berserk cooldown, slowed, very slow
A: retaliatory headbutt, horns 2
a: Berserk, Trog's Hand, Brothers in Arms, Burn Spellbooks, Renounce Religion,
Evoke Flight


You were in the Dungeon.
You worshipped Trog.
Trog was extremely pleased with you.
You were near starving.

You visited 1 branch

Inventory:

Hand Weapons
 j - a +5 antimagic battleaxe (weapon)
 k - a +5 executioner's axe of flaming
 l - a +5 demon trident
Armour
 C - a +2 robe of fire resistance (worn)
Jewellery
 b - the amulet of Mutualism (around neck) {Reflect MP-9 Dex+4 SH+3}
   (You found it in the Dungeon)

   [amulet of reflection]

   It shields you and reflects attacks.
   It affects your dexterity (+4).
   It affects your magic capacity (-9).
   It affects your SH (+3).
 F - a +6 ring of strength (right hand)
 G - a ring of flight (left hand)
Wands
 x - a wand of disintegration (7)
 y - a wand of iceblast (7)
 z - a wand of acid (7)
Scrolls
 i - 4 scrolls of blinking
 m - 7 scrolls of fog
 n - a scroll of holy word
 o - 5 scrolls of identify
 p - 5 scrolls of remove curse
 q - 2 scrolls of fear
Potions
 d - 10 potions of curing
 e - 10 potions of heal wounds
 f - 6 potions of haste
 g - 7 potions of magic
 h - 3 potions of berserk rage
 r - 2 potions of brilliance
 s - 2 potions of invisibility
 t - 4 potions of resistance
 v - 5 potions of agility
 w - 5 potions of might
Miscellaneous
 B - 2 sacks of spiders
Comestibles
 c - 7 rations


   Skills:
 + Level 14.9 Fighting
 + Level 14.4(15.2) Axes
 + Level 8.9(12.7) Polearms
 + Level 9.1 Armour
 + Level 7.6 Dodging
 + Level 2.4 Stealth


You had 9 spell levels left.
You didn't know any spells.

Dungeon Overview and Level Annotations

Branches:
Dungeon (1/1)

Altars:
Ashenzari
Cheibriados
Dithmenos
Elyvilon
Fedhas
Gozag
Hepliaklqana
Kikubaaqudgha
Makhleb
Nemelex Xobeh
Okawaru
Qazlal
Ru
Sif Muna
Trog
Uskayaw
Vehumet
Wu Jian
Xom
Yredelemnul
Zin
The Shining One
Beogh
Jiyva
Lugonu

Annotations:
D 1 transporter


Innate Abilities, Weirdness & Mutations

You reflexively headbutt those who attack you in melee.
You have a pair of horns on your head.


Message History

You slice the eye of devastation!!
The eye of devastation's magic leaks into the air.
You headbutt the eye of devastation, but do no damage.
The eye of devastation is severely wounded.
You hit the eye of devastation.
The eye of devastation's magic leaks into the air.
You barely miss the eye of devastation.
You feel less confused.
You chop the eye of devastation into pieces!!!
You kill the eye of devastation!
Trog accepts your kill.
Your Armour skill increases to level 9!
You have reached level 10!
You hit the eye of devastation.
The eye of devastation's magic leaks into the air.
You hit the eye of devastation but do no damage.
The eye of devastation falters for a moment.
The eye of devastation gazes at you. The bolt of energy hits you!
You die...

▓...††...▓........▓
▓........▓.▓....▓.▓
▓...©....▓...©....▓
▓▓▓▓▓▓▓▓▓▓▓▓▓▓▓▓▓▓▓
▓..8©8..▓ ▓..=}=..▓
▓..:)=..▓ ▓.......▓
▓...@...▓ ▓..G.G..▓
▓.......▓ ▓.......▓
▓...©...▓ ▓▓▓▓▓▓▓▓▓


You could see 2 eyes of devastation.

Vanquished Creatures
  An eye of devastation (D)
  A hellion (D)
  2 rime drakes (D)
  A flying skull (D)
  A wyvern (shapeshifter) (D)
  A hog (shapeshifter) (D)
  A golden eye (D)
  A steam dragon (D)
  An ice beast (shapeshifter) (D)
  A boggart (shapeshifter) (D)
  A small abomination (D)
  2 bullfrogs (D)
  2 jellies (D)
  An iguana (D)
  A river rat (D)
  2 white imps (D)
  2 jackals (D)
22 creatures vanquished.

Vanquished Creatures (others)
  A spatial maelstrom (D)
1 creature vanquished.

Grand Total: 23 creatures vanquished

Notes
Turn   | Place    | Note
-------+----------+-------------------------------------------
     0 | D        | Found the +6 Majin-Bo {vamp, Archmagi MP+6 Int+6}
     0 | D        | Found the +7 great mace "Firestarter" {inner flame, rF++}
     0 | D        | Fang the Minotaur Berserker began the quest for the Orb.
     0 | D        | Reached XP level 1. HP: 19/19 MP: 0/0
     3 | D        | Found a blossoming altar of Fedhas.
     4 | D        | Found a viscous altar of Jiyva.
     4 | D        | Found a hazy altar of Hepliaklqana.
     4 | D        | Found a transporter.
     4 | D        | Found an opulent altar of Gozag.
     4 | D        | Found an ancient bone altar of Kikubaaqudgha.
     4 | D        | Found a corrupted altar of Lugonu.
     6 | D        | Banished a spatial maelstrom
    10 | D        | Found a burning altar of Makhleb.
    11 | D        | Found a stormy altar of Qazlal.
    11 | D        | Found a sacrificial altar of Ru.
    11 | D        | Found an iron altar of Okawaru.
    11 | D        | Found a deep blue altar of Sif Muna.
    11 | D        | Found a sparkling altar of Nemelex Xobeh.
    11 | D        | Found a bloodstained altar of Trog.
    79 | D        | Entered arena 2.
    79 | D        | Noticed a bullfrog
    79 | D        | Noticed an iguana
    79 | D        | Found a transporter.
    84 | D        | Killed a bullfrog
    84 | D        | Reached XP level 2. HP: 31/31 MP: 1/1
    84 | D        | Reached XP level 3. HP: 38/38 MP: 2/2
    86 | D        | Reached XP level 4. HP: 47/47 MP: 3/3
    94 | D        | Got the amulet of Mutualism {Reflect MP-9 Dex+4 SH+3}
   156 | D        | Entered arena 3.
   156 | D        | Noticed a steam dragon
   156 | D        | Noticed a rime drake
   156 | D        | Noticed a rime drake
   156 | D        | Found a transporter.
   160 | D        | Killed a rime drake
   160 | D        | Reached ** piety under Trog
   160 | D        | Reached skill level 10 in Fighting
   160 | D        | Reached skill level 10 in Axes
   160 | D        | Reached skill level 5 in Armour
   160 | D        | Reached skill level 5 in Dodging
   160 | D        | Reached XP level 5. HP: 59/59 MP: 0/4
   160 | D        | Reached XP level 6. HP: 67/67 MP: 0/5
   163 | D        | Killed a rime drake
   163 | D        | Reached XP level 7. HP: 74/75 MP: 0/6
   164 | D        | Killed a steam dragon
   267 | D        | Entered arena 4.
   267 | D        | Found a transporter.
   269 | D        | Reached *** piety under Trog
   284 | D        | Reached **** piety under Trog
   289 | D        | Entered arena 5.
   289 | D        | Noticed a hog
   289 | D        | Noticed a wyvern
   289 | D        | Found a transporter.
   293 | D        | Killed a hog
   296 | D        | Killed a wyvern
   296 | D        | Reached skill level 5 in Polearms
   296 | D        | Reached XP level 8. HP: 86/86 MP: 0/7
   298 | D        | Reached ***** piety under Trog
   441 | D        | Entered arena 6.
   441 | D        | Noticed a hellion
   441 | D        | Noticed a flying skull
   441 | D        | Found a transporter.
   446 | D        | Killed a flying skull
   448 | D        | Killed a hellion
   448 | D        | Received a gift from Trog
   514 | D        | Entered arena 7.
   514 | D        | Noticed an eye of devastation
   514 | D        | Noticed an eye of devastation
   514 | D        | Noticed an eye of devastation
   516 | D        | Found a transporter.
   530 | D        | Reached XP level 9. HP: 15/96 MP: 0/8
   534 | D        | Killed an eye of devastation
   534 | D        | Reached XP level 10. HP: 18/104 MP: 0/9
   534 | D        | Blown up by an eye of devastation

Skill      XL: |  1  2  3  4  5  6  7  8  9 |
---------------+----------------------------+-----
Fighting       | 6 7 10 11 13 14 | 14.9
Axes           | 6 7 10 11 12 14 | 14.4
Armour         | 3 4 5 6 7 8 9 |  9.1
Dodging        | 3 5 6 7 |  7.6
Polearms       | 2 3 5 8 |  8.9
Stealth        | 2 |  2.4

Action                   |  1- 3 |  4- 6 |  7- 9 | 10-12 || total
-------------------------+-------+-------+-------+-------++-------
Melee: Demon trident     |     6 |     5 |    22 |       ||    33
       Headbutt          |       |       |     7 |       ||     7
       Battleaxe         |       |       |     9 |       ||     9
Invok: Berserk           |     1 |     1 |     3 |       ||     5
       Burn Spellbooks   |       |       |     1 |       ||     1
  Use: Scroll            |       |       |     1 |       ||     1
       Potion            |       |       |     1 |       ||     1
  Eat: Chunk             |       |       |     2 |       ||     2
Armor: Shadow dragon sca |     1 |     3 |     5 |       ||     9
       Robe              |       |       |     3 |       ||     3
Dodge: Dodged            |     3 |     3 |    22 |       ||    28
Block: Other             |       |       |     1 |       ||     1
